 Dungeon Crawl Stone Soup version 0.17-a0-82-g3e33fa6 (webtiles) character file.

973 Ngotmuk the Covered (level 7, -1/62 HPs)
             Began as a Minotaur Fighter on Mar 16, 2015.
             Killed by divine providence
             ... invoked by an orc priest
              (12 damage)
             ... on level 5 of the Dungeon.
             The game lasted 00:10:28 (3108 turns).

Ngotmuk the Covered (Minotaur Fighter)              Turns: 3108, Time: 00:10:28

Health: -1/62      AC: 16    Str: 23    XL:     7   Next: 94%
Magic:  3/3        EV:  7    Int:  5    God:
Gold:   140        SH: 10    Dex:  9    Spells: 0 memorised, 6 levels left

rFire  . . .     SeeInvis +     a - +0 flail
rCold  . . .     Clarity  .     y - +2 chain mail {rN+} (curse)
rNeg   + . .     SustAb   .     c - +0 shield
rPois  .         Gourm    .     (helmet restricted)
rElec  .         Spirit   .     C - +0 cloak
rCorr  .         Warding  .     (no gloves)
rMut   .         Stasis   .     (no boots)
MR     .....                    w - amulet of faith
Stlth  ..........               v - +3 ring of protection
                                p - ring of see invisible

@: not resistant to hostile enchantments, extremely unstealthy
A: retaliatory headbutt, horns 2
a: no special abilities


You were on level 5 of the Dungeon.
You were not hungry.

You visited 1 branch of the dungeon, and saw 5 of its levels.

You collected 140 gold pieces.

Inventory:

Hand weapons
 a - a +0 flail (weapon)
Armour
 c - a +0 shield (worn)
 y - a cursed +2 chain mail of positive energy (worn)
 C - a +0 cloak (worn)
Jewellery
 o - an uncursed ring of flight
 p - a ring of see invisible (left hand)
 v - a +3 ring of protection (right hand)
 w - an amulet of faith (around neck)
Magical devices
 b - a wand of slowing (23)
 B - a wand of slowing (35)
Scrolls
 f - 3 scrolls of identify
 h - a scroll of fear {unknown}
 k - a scroll of enchant weapon {unknown}
 n - 2 scrolls of immolation {unknown}
 r - a scroll of recharging {unknown}
 t - a scroll of amnesia {unknown}
 u - 2 scrolls of magic mapping {unknown}
 x - a scroll of remove curse {unknown}
 A - 2 scrolls of random uselessness {unknown}
Potions
 e - a potion of might
 i - a potion of brilliance
 j - a potion of haste
 q - a potion of restore abilities {unknown}
 s - a potion of agility {unknown}
 z - a potion of degeneration {unknown}
 D - a potion of curing
 E - a potion of flight {unknown}
Books
 m - a book of the Earth

   Spells                             Type                      Level
   a - Leda's Liquefaction            Hexes/Earth                  4
   b - Bolt of Magma                  Conjuration/Fire/Earth       5
   c - Statue Form                    Transmutation/Earth          6
   d - Iron Shot                      Conjuration/Earth            6
   e - Shatter                        Earth                        9
Comestibles
 d - 4 bread rations
 g - 6 meat rations
 l - 2 fruits


   Skills:
 + Level 5.9 Fighting
 + Level 5.4 Maces & Flails
 + Level 6.1 Armour
 + Level 4.3 Dodging
 + Level 6.0 Shields


You had 6 spell levels left.
You didn't know any spells.

Dungeon Overview and Level Annotations

Branches:
Dungeon (5/15)
 Temple: D:4-7

Altars:
Dithmenos
Qazlal
Trog
Xom
The Shining One


Innate Abilities, Weirdness & Mutations

You reflexively headbutt those who attack you in melee.
You have a pair of horns on your head.


Message History

The orc wizard is heavily wounded.
The orc wizard hits you but does no damage.
The orc wizard hits you with a dagger.
* * * LOW HITPOINT WARNING * * *
An orc priest comes into view. It is wielding a hammer.
You closely miss the orc wizard.
The orc wizard is heavily wounded.
The orc priest shouts!
The orc wizard gestures wildly while chanting.
The orc wizard blinks!
Your shield and chain mail prevent you from hitting the orc wizard.
Your headbutt misses the orc wizard.
The orc wizard is heavily wounded.
The orc wizard hits you but does no damage.
You hit the orc wizard!
You kill the orc wizard!
Your Shields skill increases to level 6!
The orc priest invokes the aid of Beogh against you.
Something smites you!
You die...

###########.# #.#
#.# #.# ##### #.#
.... #.# #..
##.####
#..###.....#
#..o)@.###.######
#......###.#
#......# ##.##..
#..###.####.# #o.
##.....# #.# .o.
##.#######.#####
#### #.#
#........## #.#
#.##......# ##'##
#>##..##..#
##...###.##......#


You could see an orc priest.

Vanquished Creatures
  Grinder (D:3)
  Menkaure (D:4)
  Sigmund (D:4)
  Duvessa (D:4)
  Blork the orc (D:4)
  Dowan (D:5)
  A hound (D:5)
  4 orc priests
  3 orc wizards
  Natasha (D:4)
  Terence (D:3)
  A worker ant zombie (D:5)
  Robin (D:2)
  5 adders
  A worm (D:3)
  A giant gecko (D:2)
  An ooze (D:1)
  12 orcs
  7 bats
  A bat skeleton (D:4)
  A giant cockroach (D:2)
  16 goblins
  7 hobgoblins
  3 ball pythons
  3 giant newts
  7 kobolds
  11 rats
94 creatures vanquished.

Notes
Turn   | Place    | Note
--------------------------------------------------------------
     0 | D:1      | Ngotmuk, the Minotaur Fighter, began the quest for the Orb.
     0 | D:1      | Reached XP level 1. HP: 19/19 MP: 1/1
   212 | D:1      | Reached XP level 2. HP: 27/27 MP: 1/1
   232 | D:1      | Reached skill level 1 in Dodging
   613 | D:2      | Found a shimmering altar of Xom.
   617 | D:2      | Found a shimmering altar of Xom.
   618 | D:2      | Found a shimmering altar of Xom.
   618 | D:2      | Found a shimmering altar of Xom.
   619 | D:2      | Found a shimmering altar of Xom.
   619 | D:2      | Found a shimmering altar of Xom.
   644 | D:2      | Reached XP level 3. HP: 31/33 MP: 2/2
   660 | D:2      | Reached skill level 4 in Armour
   669 | D:2      | Noticed Robin
   673 | D:2      | Killed Robin
  1002 | D:2      | Reached XP level 4. HP: 40/40 MP: 2/2
  1373 | D:3      | Reached XP level 5. HP: 37/46 MP: 2/2
  1466 | D:3      | Noticed Grinder
  1478 | D:3      | Paralysed by Grinder for 5 turns
  1483 | D:3      | Killed Grinder
  1483 | D:3      | Reached skill level 5 in Armour
  1483 | D:3      | Reached skill level 5 in Shields
  1483 | D:3      | Reached XP level 6. HP: 15/55 MP: 3/3
  1752 | D:3      | Noticed Terence
  1763 | D:3      | Killed Terence
  1844 | D:3      | Found a bloodstained altar of Trog.
  1844 | D:3      | Found a stormy altar of Qazlal.
  1889 | D:4      | Noticed Blork the orc
  1904 | D:4      | Killed Blork the orc
  1904 | D:4      | Reached skill level 5 in Fighting
  2129 | D:4      | Noticed Menkaure
  2141 | D:4      | Killed Menkaure
  2141 | D:4      | Reached XP level 7. HP: 25/61 MP: 3/3
  2333 | D:4      | Found a shadowy altar of Dithmenos.
  2526 | D:4      | Found a glowing golden altar of the Shining One.
  2529 | D:4      | Noticed Natasha
  2544 | D:4      | Killed Natasha
  2603 | D:4      | Noticed Sigmund
  2610 | D:4      | Killed Sigmund
  2610 | D:4      | Reached skill level 5 in Maces & Flails
  2614 | D:5      | Entered Level 5 of the Dungeon
  2614 | D:5      | Noticed Duvessa
  2614 | D:5      | Noticed Dowan
  2617 | D:5      | Killed Dowan
  2652 | D:4      | Killed Duvessa
  3100 | D:5      | Reached skill level 6 in Armour
  3108 | D:5      | Killed from afar by an orc priest

Action                   |  1- 3 |  4- 6 |  7- 9 || total
-------------------------+-------+-------+-------++-------
Melee: Flail             |    78 |    76 |    76 ||   230
  Use: Scroll            |     3 |       |       ||     3
       Potion            |       |     1 |       ||     1
  Eat: Royal jelly       |       |     1 |       ||     1
       Fruit             |       |     1 |     2 ||     3
       Pizza             |       |     1 |     1 ||     2
